MapleLeafs vs Stars

Created - December 11, 2023 at 22:15

Goals
1 2 3 OT1 T
MapleLeafs 1 1 0 0 2
Stars 0 1 1 1 3
Shots
1 2 3 OT1 T
MapleLeafs 8 4 12 2 26
Stars 9 11 9 1 30

GoalsPenalties
1st period
1. MapleLeafs , Dylan DeMelo 5 (Alexander Wennberg 16, Rasmus Sandin 8) at 16:36
Jon Marchessault (TOR) for Hooking (Minor) at 4:13
Marcus Pettersson (DAL) for Interference (Minor) at 9:33
Alexander Romanov (TOR) for Hooking (Minor) at 19:50
2nd period
2. Stars , Sidney Crosby 11 (Evan Bouchard 21) at 11:23
3. MapleLeafs , Andrew Mangiapane 2 (Drake Batherson 12, Rasmus Sandin 9) at 17:35
Dylan DeMelo (TOR) for High sticking (Minor) at 15:20
Vincent Trocheck (DAL) for Tripping (Minor) at 19:25
3rd period
4. Stars , Sidney Crosby 12 (Evan Bouchard 22, Vincent Trocheck 15) at 19:50 (PP)
Filip Chytil (TOR) for Holding (Minor) at 14:34
Nick Jensen (DAL) for Hooking (Minor) at 16:43
Alexander Wennberg (TOR) for Hooking (Minor) at 19:42
Overtime #1
5. Stars , Vincent Trocheck 5 (Gustav Forsling 12, Carter Verhaeghe 6) at 2:34
No Penalty
Goalie Stats
Darcy Kuemper (TOR), 27 saves from 30 shots - (0.900), OTL, 14-3-3, 62:35 minutes
Thatcher Demko (DAL), 24 saves from 26 shots - (0.923), W, 5-7-2, 62:02 minutes
3 StarsOfficial
1 - Sidney Crosby (DAL)
2 - Evan Bouchard (DAL)
3 - Vincent Trocheck (DAL)
Referees : Andrew Howard and Justin Kea
Linesman : Kiel Murchison and Kyle Larson
Game Note
Henri Jokiharju is injured at 8:35 of 3rd period (Sprained Right Knee)
Finance
Level 1 -- Attendance: 3394 (56.57%) -- Ticket Income $593,950
Level 2 -- Attendance: 3226 (64.52%) -- Ticket Income $403,250
Level 3 -- Attendance: 1518 (75.90%) -- Ticket Income $180,642
Level 4 -- Attendance: 2938 (64.83%) -- Ticket Income $114,582
Luxury Box -- Attendance: 555 (55.50%) -- Ticket Income $166,500
Game was played at the American Airlines Center.
Total Attendance: 11631 (62.76%)
Total Ticket Income: $1,458,924
Other Income: $364,731
Total Income: $1,823,655



Team Name Goals Shots Shots Attemp Shots Blocked PIM HIT PP PK FO%
MapleLeafs 226481510280 / 3 (0%)148%
Stars 3307486181 / 5 (20%)052%

MapleLeafs
Player Name POS G A P +/- PIM HIT SHT SB MP PP MP PP SHT PK MP PK SHT FO% FOT
Alexander RomanovD00002110218:320:0003:4000% 0
Alexander WennbergC0111201121:562:5512:34026% 23
Andrew MangiapaneLW1011023019:463:0210:1000% 2
Anthony DuclairLW000-1002014:273:0600:000100% 1
Drake BathersonRW0111001019:093:0210:000100% 1
Dylan DeMeloD1012202217:070:0001:1500% 0
Erik CernakD000-1030218:150:0003:0900% 0
Evgeny KuznetsovC0001000018:113:0200:00062% 21
Filip ChytilC000-1202011:210:0000:0200% 1
John MarinoD000-1001323:113:0615:0000% 0
Jon MarchessaultLW/RW0001236018:542:5510:0000% 2
Jonathan HuberdeauC0000022018:092:5500:00025% 4
Kasperi KapanenRW000000004:270:0000:0000% 0
Mikael GranlundC000-2032117:010:0005:28062% 26
Nicolas HagueD000-1001322:062:5103:0400% 0
Noah CatesLW000000007:010:0002:3400% 0
Noel AcciariC000003009:470:0005:20067% 3
Rasmus SandinD0222013120:162:5130:0000% 0
Stars
Player Name POS G A P +/- PIM HIT SHT SB MP PP MP PP SHT PK MP PK SHT FO% FOT
Anton LundellC0000005118:194:3124:31038% 24
Carter VerhaegheC0112002020:313:3300:45075% 4
Elias LindholmC000-1001016:220:0000:18058% 19
Evan BouchardD0221042326:233:5013:0000% 0
Gustav ForslingD0112012226:053:5013:5800% 0
Henri JokiharjuD000-2000114:290:0002:3100% 0
Marcus PetterssonD0000231015:140:0000:0000% 0
Nazem KadriC000-1011020:123:3310:000100% 1
Nick JensenD0000201119:404:1401:2700% 0
Phil KesselRW000-100105:440:0000:0000% 0
Rickard RakellRW000000109:170:0000:0000% 0
Sean DurziD000-2011020:424:1410:5800% 0
Seth JarvisC000-101005:350:0000:00040% 5
Sidney CrosbyC2021013022:224:3121:08058% 26
Tanner PearsonLW000-101008:060:0902:220100% 1
Timo MeierRW0001011020:513:3300:0000% 2
Viktor ArvidssonRW000000109:170:0000:000100% 1
Vincent TrocheckC1120247022:364:2222:500100% 1



Play-by-Play

1st period


0:01 of 1st period - Jonathan Huberdeau wins face-off versus Elias Lindholm in neutral zone.
0:07 of 1st period - Elias Lindholm is hit by Jon Marchessault.
0:18 of 1st period - Off-side.
0:19 of 1st period - Sidney Crosby wins face-off versus Evgeny Kuznetsov in neutral zone.
0:34 of 1st period - Shot by Evgeny Kuznetsov.
0:34 of 1st period - Shot Misses the Net.
0:41 of 1st period - Evgeny Kuznetsov is hit by Sean Durzi and loses puck.
1:00 of 1st period - Shot by Andrew Mangiapane.
1:00 of 1st period - Shot Misses the Net.
1:26 of 1st period - Shot by Anthony Duclair.
1:26 of 1st period - Shot Misses the Net.
1:36 of 1st period - Shot by Anthony Duclair.
1:36 of 1st period - Stopped by Thatcher Demko without a rebound.
1:37 of 1st period - Alexander Wennberg wins face-off versus Anton Lundell in Stars zone.
1:47 of 1st period - Alexander Wennberg is hit by Evan Bouchard and loses puck.
2:04 of 1st period - Shot by Jonathan Huberdeau.
2:04 of 1st period - Shot Misses the Net.
2:10 of 1st period - Shot by Jon Marchessault.
2:10 of 1st period - Shot Misses the Net.
2:12 of 1st period - Shot by Jonathan Huberdeau.
2:12 of 1st period - Deflect By Jon Marchessault.
2:12 of 1st period - Stopped by Thatcher Demko without a rebound.
2:13 of 1st period - Elias Lindholm wins face-off versus Noel Acciari in Stars zone.
2:13 of 1st period - Elias Lindholm is hit by Noel Acciari.
2:16 of 1st period - Vincent Trocheck is hit by Noel Acciari and loses puck.
2:36 of 1st period - Icing by Marcus Pettersson.
2:37 of 1st period - Vincent Trocheck wins face-off versus Mikael Granlund in Stars zone.
2:37 of 1st period - Elias Lindholm is hit by Mikael Granlund and loses puck.
2:48 of 1st period - Shot by Elias Lindholm.
2:48 of 1st period - Deflect By Vincent Trocheck.
2:48 of 1st period - Stopped by Darcy Kuemper without a rebound.
2:49 of 1st period - Seth Jarvis wins face-off versus Evgeny Kuznetsov in MapleLeafs zone.
3:16 of 1st period - Evgeny Kuznetsov is hit by Seth Jarvis and loses puck.
4:04 of 1st period - Shot by Nazem Kadri.
4:04 of 1st period - Deflect By Elias Lindholm.
4:04 of 1st period - Stopped by Darcy Kuemper without a rebound.
4:05 of 1st period - Anton Lundell wins face-off versus Jonathan Huberdeau in MapleLeafs zone.
4:06 of 1st period - Shot by Viktor Arvidsson.
4:06 of 1st period - Stopped by Darcy Kuemper with a rebound.
4:13 of 1st period - Minor Penalty to Jon Marchessault for Hooking.
4:14 of 1st period - Sidney Crosby wins face-off versus Mikael Granlund in MapleLeafs zone.
4:17 of 1st period - Shot by Vincent Trocheck.
4:17 of 1st period - Shot Blocked by Alexander Romanov.
4:46 of 1st period - Shot by Vincent Trocheck.
4:46 of 1st period - Shot Misses the Net.
4:48 of 1st period - Shot by Anton Lundell.
4:48 of 1st period - Stopped by Darcy Kuemper with a rebound.
4:50 of 1st period - Shot by Anton Lundell.
4:50 of 1st period - Shot Blocked by Nicolas Hague.
4:52 of 1st period - Shot by Sidney Crosby.
4:52 of 1st period - Stopped by Darcy Kuemper without a rebound.
4:53 of 1st period - Mikael Granlund wins face-off versus Timo Meier in MapleLeafs zone.
6:11 of 1st period - Shot by Vincent Trocheck.
6:11 of 1st period - Stopped by Darcy Kuemper without a rebound.
6:12 of 1st period - Sidney Crosby wins face-off versus Mikael Granlund in MapleLeafs zone.
7:28 of 1st period - Shot by Jon Marchessault.
7:28 of 1st period - Shot Blocked by Nick Jensen.
8:16 of 1st period - Shot by Carter Verhaeghe.
8:16 of 1st period - Shot Blocked by Alexander Romanov.
8:21 of 1st period - Sidney Crosby is hit by Alexander Romanov and loses puck.
8:58 of 1st period - Shot by Anthony Duclair.
8:58 of 1st period - Deflect By Filip Chytil.
8:58 of 1st period - Stopped by Thatcher Demko without a rebound.
8:59 of 1st period - Mikael Granlund wins face-off versus Seth Jarvis in Stars zone.
9:29 of 1st period - Mikael Granlund is hit by Marcus Pettersson and loses puck.
9:33 of 1st period - Minor Penalty to Marcus Pettersson for Interference.
9:34 of 1st period - Evgeny Kuznetsov wins face-off versus Anton Lundell in Stars zone.
9:37 of 1st period - Shot by Drake Batherson.
9:37 of 1st period - Stopped by Thatcher Demko without a rebound.
9:38 of 1st period - Evgeny Kuznetsov wins face-off versus Anton Lundell in Stars zone.
10:17 of 1st period - Shot by Andrew Mangiapane.
10:17 of 1st period - Shot Misses the Net.
10:19 of 1st period - Shot by Andrew Mangiapane.
10:19 of 1st period - Stopped by Thatcher Demko without a rebound.
10:20 of 1st period - Tanner Pearson wins face-off versus Alexander Wennberg in Stars zone.
12:06 of 1st period - Shot by Sidney Crosby.
12:06 of 1st period - Shot Misses the Net.
12:48 of 1st period - Shot by Phil Kessel.
12:48 of 1st period - Shot Misses the Net.
12:52 of 1st period - Shot by Seth Jarvis.
12:52 of 1st period - Shot Misses the Net.
13:09 of 1st period - Icing by Erik Cernak.
13:10 of 1st period - Anton Lundell wins face-off versus Evgeny Kuznetsov in MapleLeafs zone.
13:19 of 1st period - Shot by Marcus Pettersson.
13:19 of 1st period - Stopped by Darcy Kuemper without a rebound.
13:20 of 1st period - Anthony Duclair wins face-off versus Elias Lindholm in MapleLeafs zone.
13:48 of 1st period - Shot by Vincent Trocheck.
13:48 of 1st period - Stopped by Darcy Kuemper without a rebound.
13:49 of 1st period - Sidney Crosby wins face-off versus Jon Marchessault in MapleLeafs zone.
13:55 of 1st period - Icing by Alexander Wennberg.
13:56 of 1st period - Sidney Crosby wins face-off versus Alexander Wennberg in MapleLeafs zone.
14:17 of 1st period - Rasmus Sandin is hit by Sidney Crosby and loses puck.
14:37 of 1st period - Icing by Jonathan Huberdeau.
14:38 of 1st period - Elias Lindholm wins face-off versus Alexander Wennberg in MapleLeafs zone.
15:06 of 1st period - Shot by Vincent Trocheck.
15:06 of 1st period - Stopped by Darcy Kuemper without a rebound.
15:07 of 1st period - Mikael Granlund wins face-off versus Anton Lundell in MapleLeafs zone.
15:14 of 1st period - Shot by Anthony Duclair.
15:14 of 1st period - Stopped by Thatcher Demko without a rebound.
15:15 of 1st period - Sidney Crosby wins face-off versus Mikael Granlund in Stars zone.
15:24 of 1st period - Erik Cernak is hit by Evan Bouchard and loses puck.
15:34 of 1st period - Anthony Duclair is hit by Evan Bouchard and loses puck.
16:19 of 1st period - Off-side.
16:20 of 1st period - Elias Lindholm wins face-off versus Jonathan Huberdeau in neutral zone.
16:34 of 1st period - Shot by Alexander Wennberg.
16:34 of 1st period - Shot Misses the Net.
16:36 of 1st period - Shot by Dylan DeMelo.
16:36 of 1st period - Goal by Dylan DeMelo - MapleLeafs : 1 - Stars : 0.
16:37 of 1st period - Evgeny Kuznetsov wins face-off versus Anton Lundell in neutral zone.
16:47 of 1st period - Evgeny Kuznetsov is hit by Marcus Pettersson.
17:08 of 1st period - Rickard Rakell is hit by Alexander Romanov and loses puck.
17:15 of 1st period - Shot by Viktor Arvidsson.
17:15 of 1st period - Shot Misses the Net.
17:17 of 1st period - Shot by Rickard Rakell.
17:17 of 1st period - Shot Misses the Net.
19:11 of 1st period - Shot by Jonathan Huberdeau.
19:11 of 1st period - Stopped by Thatcher Demko without a rebound.
19:12 of 1st period - Noel Acciari wins face-off versus Sidney Crosby in Stars zone.
19:43 of 1st period - Shot by Timo Meier.
19:43 of 1st period - Shot Misses the Net.
19:45 of 1st period - Shot by Carter Verhaeghe.
19:45 of 1st period - Shot Misses the Net.
19:47 of 1st period - Shot by Timo Meier.
19:47 of 1st period - Shot Misses the Net.
19:50 of 1st period - Minor Penalty to Alexander Romanov for Hooking.
19:51 of 1st period - Mikael Granlund wins face-off versus Sidney Crosby in MapleLeafs zone.
Goals for this period are 1 for MapleLeafs vs 0 for Stars.
Shots for this period are 8 for MapleLeafs vs 9 for Stars.

2nd period


0:01 of 2nd period - Mikael Granlund wins face-off versus Sidney Crosby in neutral zone.
0:04 of 2nd period - Anton Lundell is hit by Noel Acciari.
1:05 of 2nd period - Shot by Gustav Forsling.
1:05 of 2nd period - Stopped by Darcy Kuemper without a rebound.
1:06 of 2nd period - Carter Verhaeghe wins face-off versus Alexander Wennberg in MapleLeafs zone.
1:13 of 2nd period - Shot by Gustav Forsling.
1:13 of 2nd period - Shot Misses the Net.
1:15 of 2nd period - Shot by Evan Bouchard.
1:15 of 2nd period - Stopped by Darcy Kuemper without a rebound.
1:16 of 2nd period - Alexander Wennberg wins face-off versus Timo Meier in MapleLeafs zone.
1:34 of 2nd period - Off-side.
1:35 of 2nd period - Mikael Granlund wins face-off versus Sidney Crosby in neutral zone.
1:56 of 2nd period - Shot by Phil Kessel.
1:56 of 2nd period - Stopped by Darcy Kuemper without a rebound.
1:57 of 2nd period - Elias Lindholm wins face-off versus Alexander Wennberg in MapleLeafs zone.
1:57 of 2nd period - Elias Lindholm is hit by Erik Cernak.
2:26 of 2nd period - Nazem Kadri is hit by Erik Cernak and loses puck.
2:52 of 2nd period - Off-side.
2:53 of 2nd period - Mikael Granlund wins face-off versus Sidney Crosby in neutral zone.
3:07 of 2nd period - Shot by Anthony Duclair.
3:07 of 2nd period - Deflect By Mikael Granlund.
3:07 of 2nd period - Stopped by Thatcher Demko without a rebound.
3:08 of 2nd period - Evgeny Kuznetsov wins face-off versus Anton Lundell in Stars zone.
3:17 of 2nd period - Shot by Anton Lundell.
3:17 of 2nd period - Shot Misses the Net.
3:27 of 2nd period - Rickard Rakell is hit by Andrew Mangiapane and loses puck.
3:49 of 2nd period - Anton Lundell is hit by Andrew Mangiapane and loses puck.
4:44 of 2nd period - Shot by Sidney Crosby.
4:44 of 2nd period - Shot Misses the Net.
4:46 of 2nd period - Shot by Evan Bouchard.
4:46 of 2nd period - Stopped by Darcy Kuemper without a rebound.
4:47 of 2nd period - Alexander Wennberg wins face-off versus Elias Lindholm in MapleLeafs zone.
5:59 of 2nd period - Shot by Carter Verhaeghe.
5:59 of 2nd period - Stopped by Darcy Kuemper without a rebound.
6:00 of 2nd period - Viktor Arvidsson wins face-off versus Mikael Granlund in MapleLeafs zone.
6:01 of 2nd period - Shot by Anton Lundell.
6:01 of 2nd period - Stopped by Darcy Kuemper without a rebound.
6:02 of 2nd period - Sidney Crosby wins face-off versus Andrew Mangiapane in MapleLeafs zone.
6:03 of 2nd period - Shot by Timo Meier.
6:03 of 2nd period - Shot Blocked by John Marino.
6:06 of 2nd period - Icing by John Marino.
6:07 of 2nd period - Evgeny Kuznetsov wins face-off versus Sidney Crosby in MapleLeafs zone.
6:31 of 2nd period - Evgeny Kuznetsov is hit by Timo Meier and loses puck.
6:44 of 2nd period - Shot by Sidney Crosby.
6:44 of 2nd period - Shot Blocked by John Marino.
6:46 of 2nd period - Shot by Timo Meier.
6:46 of 2nd period - Shot Misses the Net.
6:55 of 2nd period - Icing by Evgeny Kuznetsov.
6:56 of 2nd period - Elias Lindholm wins face-off versus Evgeny Kuznetsov in MapleLeafs zone.
6:57 of 2nd period - Shot by Sean Durzi.
6:57 of 2nd period - Shot Misses the Net.
7:05 of 2nd period - Shot by Nazem Kadri.
7:05 of 2nd period - Shot Misses the Net.
7:12 of 2nd period - Nazem Kadri is hit by Alexander Romanov and loses puck.
7:16 of 2nd period - Vincent Trocheck is hit by Alexander Romanov.
7:37 of 2nd period - Henri Jokiharju is hit by Alexander Romanov and loses puck.
8:06 of 2nd period - Shot by Filip Chytil.
8:06 of 2nd period - Deflect By Anthony Duclair.
8:06 of 2nd period - Shot Misses the Net.
8:08 of 2nd period - Shot by Filip Chytil.
8:08 of 2nd period - Shot Blocked by Anton Lundell.
9:20 of 2nd period - Off-side.
9:21 of 2nd period - Noel Acciari wins face-off versus Elias Lindholm in neutral zone.
9:21 of 2nd period - Noel Acciari is hit by Vincent Trocheck.
9:53 of 2nd period - Shot by Elias Lindholm.
9:53 of 2nd period - Shot Misses the Net.
10:49 of 2nd period - Icing by Jon Marchessault.
10:50 of 2nd period - Alexander Wennberg wins face-off versus Anton Lundell in MapleLeafs zone.
11:02 of 2nd period - Icing by Alexander Romanov.
11:03 of 2nd period - Sidney Crosby wins face-off versus Alexander Wennberg in MapleLeafs zone.
11:23 of 2nd period - Shot by Sidney Crosby.
11:23 of 2nd period - Goal by Sidney Crosby - MapleLeafs : 1 - Stars : 1.
11:24 of 2nd period - Mikael Granlund wins face-off versus Seth Jarvis in neutral zone.
11:42 of 2nd period - Shot by Mikael Granlund.
11:42 of 2nd period - Stopped by Thatcher Demko with a rebound.
11:50 of 2nd period - Marcus Pettersson is hit by Mikael Granlund and loses puck.
12:56 of 2nd period - Icing by Dylan DeMelo.
12:57 of 2nd period - Evgeny Kuznetsov wins face-off versus Elias Lindholm in MapleLeafs zone.
12:57 of 2nd period - Evgeny Kuznetsov is hit by Nazem Kadri.
13:42 of 2nd period - Icing by Alexander Wennberg.
13:43 of 2nd period - Alexander Wennberg wins face-off versus Anton Lundell in MapleLeafs zone.
14:04 of 2nd period - Shot by Jon Marchessault.
14:04 of 2nd period - Stopped by Thatcher Demko without a rebound.
14:05 of 2nd period - Mikael Granlund wins face-off versus Sidney Crosby in Stars zone.
14:19 of 2nd period - Anthony Duclair is hit by Marcus Pettersson and loses puck.
14:37 of 2nd period - Timo Meier is hit by Erik Cernak and loses puck.
14:44 of 2nd period - Timo Meier is hit by Mikael Granlund and loses puck.
15:00 of 2nd period - Off-side.
15:01 of 2nd period - Elias Lindholm wins face-off versus Alexander Wennberg in neutral zone.
15:01 of 2nd period - Evan Bouchard is hit by Jonathan Huberdeau and loses puck.
15:08 of 2nd period - Shot by Elias Lindholm.
15:08 of 2nd period - Shot Misses the Net.
15:10 of 2nd period - Shot by Vincent Trocheck.
15:10 of 2nd period - Shot Blocked by Alexander Wennberg.
15:14 of 2nd period - Shot by Elias Lindholm.
15:14 of 2nd period - Shot Blocked by Dylan DeMelo.
15:16 of 2nd period - Shot by Vincent Trocheck.
15:16 of 2nd period - Deflect By Nazem Kadri.
15:16 of 2nd period - Shot Blocked by Dylan DeMelo.
15:18 of 2nd period - Shot by Gustav Forsling.
15:18 of 2nd period - Stopped by Darcy Kuemper with a rebound.
15:20 of 2nd period - Shot by Vincent Trocheck.
15:20 of 2nd period - Stopped by Darcy Kuemper without a rebound.
15:20 of 2nd period - Minor Penalty to Dylan DeMelo for High sticking.
15:21 of 2nd period - Mikael Granlund wins face-off versus Sidney Crosby in MapleLeafs zone.
15:27 of 2nd period - Nick Jensen is hit by Alexander Romanov and loses puck.
15:38 of 2nd period - Shot by Nick Jensen.
15:38 of 2nd period - Shot Misses the Net.
15:41 of 2nd period - Vincent Trocheck is hit by Alexander Romanov and loses puck.
16:07 of 2nd period - Nazem Kadri is hit by Alexander Romanov and loses puck.
16:44 of 2nd period - Shot by Timo Meier.
16:44 of 2nd period - Deflect By Nazem Kadri.
16:44 of 2nd period - Shot Misses the Net.
16:46 of 2nd period - Shot by Carter Verhaeghe.
16:46 of 2nd period - Deflect By Timo Meier.
16:46 of 2nd period - Shot Misses the Net.
16:56 of 2nd period - Shot by Sean Durzi.
16:56 of 2nd period - Stopped by Darcy Kuemper with a rebound.
17:02 of 2nd period - Shot by Anton Lundell.
17:02 of 2nd period - Stopped by Darcy Kuemper without a rebound.
17:03 of 2nd period - Alexander Wennberg wins face-off versus Sidney Crosby in MapleLeafs zone.
17:03 of 2nd period - Alexander Wennberg is hit by Vincent Trocheck.
17:33 of 2nd period - Shot by Drake Batherson.
17:33 of 2nd period - Shot Hit the Post.
17:35 of 2nd period - Shot by Andrew Mangiapane.
17:35 of 2nd period - Goal by Andrew Mangiapane - MapleLeafs : 2 - Stars : 1.
17:36 of 2nd period - Anton Lundell wins face-off versus Alexander Wennberg in neutral zone.
18:01 of 2nd period - Jon Marchessault is hit by Gustav Forsling and loses puck.
18:04 of 2nd period - Shot by Alexander Wennberg.
18:04 of 2nd period - Shot Blocked by Gustav Forsling.
18:33 of 2nd period - Icing by Seth Jarvis.
18:34 of 2nd period - Seth Jarvis wins face-off versus Evgeny Kuznetsov in Stars zone.
19:03 of 2nd period - Andrew Mangiapane is hit by Tanner Pearson and loses puck.
19:25 of 2nd period - Minor Penalty to Vincent Trocheck for Tripping.
19:26 of 2nd period - Anton Lundell wins face-off versus Alexander Wennberg in Stars zone.
19:26 of 2nd period - Anton Lundell is hit by Jonathan Huberdeau.
Goals for this period are 1 for MapleLeafs vs 1 for Stars.
Shots for this period are 4 for MapleLeafs vs 11 for Stars.

3rd period


0:01 of 3rd period - Evgeny Kuznetsov wins face-off versus Anton Lundell in neutral zone.
0:05 of 3rd period - Off-side.
0:06 of 3rd period - Evgeny Kuznetsov wins face-off versus Anton Lundell in neutral zone.
2:22 of 3rd period - Shot by Jon Marchessault.
2:22 of 3rd period - Stopped by Thatcher Demko without a rebound.
2:23 of 3rd period - Elias Lindholm wins face-off versus Alexander Wennberg in Stars zone.
2:32 of 3rd period - Shot by Nazem Kadri.
2:32 of 3rd period - Shot Misses the Net.
2:34 of 3rd period - Shot by Elias Lindholm.
2:34 of 3rd period - Shot Misses the Net.
2:41 of 3rd period - Rasmus Sandin is hit by Evan Bouchard and loses puck.
2:48 of 3rd period - Shot by Alexander Wennberg.
2:48 of 3rd period - Shot Blocked by Evan Bouchard.
2:50 of 3rd period - Shot by Dylan DeMelo.
2:50 of 3rd period - Stopped by Thatcher Demko with a rebound.
3:23 of 3rd period - Off-side.
3:24 of 3rd period - Anton Lundell wins face-off versus Mikael Granlund in neutral zone.
3:27 of 3rd period - Shot by Rickard Rakell.
3:27 of 3rd period - Stopped by Darcy Kuemper with a rebound.
3:29 of 3rd period - Shot by Anton Lundell.
3:29 of 3rd period - Shot Blocked by Mikael Granlund.
3:31 of 3rd period - Shot by Henri Jokiharju.
3:31 of 3rd period - Shot Blocked by Nicolas Hague.
3:44 of 3rd period - Shot by Nicolas Hague.
3:44 of 3rd period - Stopped by Thatcher Demko with a rebound.
3:58 of 3rd period - Shot by Viktor Arvidsson.
3:58 of 3rd period - Shot Blocked by Erik Cernak.
4:00 of 3rd period - Shot by Anton Lundell.
4:00 of 3rd period - Stopped by Darcy Kuemper with a rebound.
4:19 of 3rd period - Off-side.
4:20 of 3rd period - Sidney Crosby wins face-off versus Andrew Mangiapane in neutral zone.
4:43 of 3rd period - Shot by Timo Meier.
4:43 of 3rd period - Stopped by Darcy Kuemper without a rebound.
4:44 of 3rd period - Elias Lindholm wins face-off versus Alexander Wennberg in MapleLeafs zone.
4:48 of 3rd period - Elias Lindholm is hit by Rasmus Sandin and loses puck.
5:15 of 3rd period - Icing by Gustav Forsling.
5:16 of 3rd period - Evgeny Kuznetsov wins face-off versus Elias Lindholm in Stars zone.
6:18 of 3rd period - Off-side.
6:19 of 3rd period - Anton Lundell wins face-off versus Alexander Wennberg in neutral zone.
6:31 of 3rd period - Off-side.
6:32 of 3rd period - Mikael Granlund wins face-off versus Seth Jarvis in neutral zone.
6:41 of 3rd period - Shot by Filip Chytil.
6:41 of 3rd period - Stopped by Thatcher Demko without a rebound.
6:42 of 3rd period - Elias Lindholm wins face-off versus Alexander Wennberg in Stars zone.
6:51 of 3rd period - Shot by Jon Marchessault.
6:51 of 3rd period - Stopped by Thatcher Demko with a rebound.
8:03 of 3rd period - Shot by Carter Verhaeghe.
8:03 of 3rd period - Stopped by Darcy Kuemper without a rebound.
8:04 of 3rd period - Anton Lundell wins face-off versus Filip Chytil in MapleLeafs zone.
8:17 of 3rd period - Shot by Anton Lundell.
8:17 of 3rd period - Stopped by Darcy Kuemper without a rebound.
8:18 of 3rd period - Sidney Crosby wins face-off versus Evgeny Kuznetsov in MapleLeafs zone.
8:18 of 3rd period - Henri Jokiharju is hit by Alexander Romanov and loses puck.
8:35 of 3rd period - Shot by Evgeny Kuznetsov.
8:35 of 3rd period - Shot Blocked by Henri Jokiharju.
8:35 of 3rd period - Henri Jokiharju from Stars is injured at 8:35 of 3rd period (Sprained Right Knee).
8:36 of 3rd period - Mikael Granlund wins face-off versus Elias Lindholm in Stars zone.
9:09 of 3rd period - Shot by Filip Chytil.
9:09 of 3rd period - Shot Blocked by Evan Bouchard.
9:59 of 3rd period - Shot by Jon Marchessault.
9:59 of 3rd period - Deflect By Alexander Wennberg.
9:59 of 3rd period - Shot Misses the Net.
10:17 of 3rd period - Shot by Jonathan Huberdeau.
10:17 of 3rd period - Stopped by Thatcher Demko without a rebound.
10:18 of 3rd period - Evgeny Kuznetsov wins face-off versus Anton Lundell in Stars zone.
10:39 of 3rd period - Icing by Erik Cernak.
10:40 of 3rd period - Elias Lindholm wins face-off versus Evgeny Kuznetsov in MapleLeafs zone.
11:39 of 3rd period - Icing by Nick Jensen.
11:40 of 3rd period - Sidney Crosby wins face-off versus Alexander Wennberg in Stars zone.
11:40 of 3rd period - Sidney Crosby is hit by Jon Marchessault.
11:48 of 3rd period - Shot by Sidney Crosby.
11:48 of 3rd period - Shot Blocked by John Marino.
11:50 of 3rd period - Shot by Nick Jensen.
11:50 of 3rd period - Stopped by Darcy Kuemper without a rebound.
11:51 of 3rd period - Mikael Granlund wins face-off versus Anton Lundell in MapleLeafs zone.
13:20 of 3rd period - Shot by Sidney Crosby.
13:20 of 3rd period - Shot Misses the Net.
13:22 of 3rd period - Shot by Sean Durzi.
13:22 of 3rd period - Shot Misses the Net.
13:39 of 3rd period - Icing by Gustav Forsling.
13:40 of 3rd period - Evgeny Kuznetsov wins face-off versus Sidney Crosby in Stars zone.
13:47 of 3rd period - Shot by Sidney Crosby.
13:47 of 3rd period - Shot Misses the Net.
14:34 of 3rd period - Minor Penalty to Filip Chytil for Holding.
14:35 of 3rd period - Sidney Crosby wins face-off versus Mikael Granlund in MapleLeafs zone.
14:49 of 3rd period - Anton Lundell is hit by Alexander Romanov and loses puck.
15:01 of 3rd period - Evan Bouchard is hit by Alexander Romanov and loses puck.
15:31 of 3rd period - Icing by Nick Jensen.
15:32 of 3rd period - Mikael Granlund wins face-off versus Carter Verhaeghe in Stars zone.
15:56 of 3rd period - Off-side.
15:57 of 3rd period - Carter Verhaeghe wins face-off versus Mikael Granlund in neutral zone.
16:02 of 3rd period - Shot by Carter Verhaeghe.
16:02 of 3rd period - Shot Misses the Net.
16:04 of 3rd period - Shot by Carter Verhaeghe.
16:04 of 3rd period - Shot Blocked by Erik Cernak.
16:06 of 3rd period - Shot by Nazem Kadri.
16:06 of 3rd period - Stopped by Darcy Kuemper without a rebound.
16:07 of 3rd period - Mikael Granlund wins face-off versus Sidney Crosby in MapleLeafs zone.
16:07 of 3rd period - Mikael Granlund is hit by Vincent Trocheck.
16:17 of 3rd period - Noah Cates is hit by Vincent Trocheck and loses puck.
16:26 of 3rd period - Shot by Vincent Trocheck.
16:26 of 3rd period - Stopped by Darcy Kuemper without a rebound.
16:27 of 3rd period - Carter Verhaeghe wins face-off versus Mikael Granlund in MapleLeafs zone.
16:43 of 3rd period - Minor Penalty to Nick Jensen for Hooking.
16:44 of 3rd period - Anton Lundell wins face-off versus Jonathan Huberdeau in Stars zone.
16:57 of 3rd period - Shot by Alexander Wennberg.
16:57 of 3rd period - Stopped by Thatcher Demko without a rebound.
16:58 of 3rd period - Evgeny Kuznetsov wins face-off versus Anton Lundell in Stars zone.
17:01 of 3rd period - Shot by Rasmus Sandin.
17:01 of 3rd period - Stopped by Thatcher Demko without a rebound.
17:02 of 3rd period - Anton Lundell wins face-off versus Evgeny Kuznetsov in Stars zone.
17:31 of 3rd period - Shot by Rasmus Sandin.
17:31 of 3rd period - Shot Misses the Net.
17:40 of 3rd period - Shot by Andrew Mangiapane.
17:40 of 3rd period - Shot Blocked by Gustav Forsling.
17:42 of 3rd period - Shot by Rasmus Sandin.
17:42 of 3rd period - Shot Misses the Net.
17:44 of 3rd period - Shot by Rasmus Sandin.
17:44 of 3rd period - Stopped by Thatcher Demko without a rebound.
17:45 of 3rd period - Sidney Crosby wins face-off versus Alexander Wennberg in Stars zone.
18:04 of 3rd period - Shot by Jon Marchessault.
18:04 of 3rd period - Stopped by Thatcher Demko without a rebound.
18:05 of 3rd period - Sidney Crosby wins face-off versus Alexander Wennberg in Stars zone.
18:19 of 3rd period - Tanner Pearson is hit by Jon Marchessault and loses puck.
18:28 of 3rd period - Shot by John Marino.
18:28 of 3rd period - Shot Misses the Net.
18:30 of 3rd period - Shot by John Marino.
18:30 of 3rd period - Stopped by Thatcher Demko without a rebound.
18:31 of 3rd period - Drake Batherson wins face-off versus Anton Lundell in Stars zone.
18:34 of 3rd period - Shot by Nicolas Hague.
18:34 of 3rd period - Shot Misses the Net.
18:36 of 3rd period - Shot by Drake Batherson.
18:36 of 3rd period - Shot Blocked by Evan Bouchard.
18:38 of 3rd period - Shot by Rasmus Sandin.
18:38 of 3rd period - Stopped by Thatcher Demko without a rebound.
18:39 of 3rd period - Evgeny Kuznetsov wins face-off versus Anton Lundell in Stars zone.
19:17 of 3rd period - Stars, Thatcher Demko is pulled from the net.
19:42 of 3rd period - Minor Penalty to Alexander Wennberg for Hooking.
19:43 of 3rd period - Sidney Crosby wins face-off versus Mikael Granlund in MapleLeafs zone.
19:50 of 3rd period - Shot by Sidney Crosby.
19:50 of 3rd period - Goal by Sidney Crosby - MapleLeafs : 2 - Stars : 2.
19:50 of 3rd period - Thatcher Demko from Stars was sent back in the game.
19:51 of 3rd period - Mikael Granlund wins face-off versus Elias Lindholm in neutral zone.
Goals for this period are 0 for MapleLeafs vs 1 for Stars.
Shots for this period are 12 for MapleLeafs vs 9 for Stars.

Overtime #1


0:01 of 1st overtime period - Nazem Kadri wins face-off versus Alexander Wennberg in neutral zone.
0:34 of 1st overtime period - Shot by Andrew Mangiapane.
0:34 of 1st overtime period - Stopped by Thatcher Demko without a rebound.
0:35 of 1st overtime period - Elias Lindholm wins face-off versus Jon Marchessault in Stars zone.
0:53 of 1st overtime period - Shot by Sidney Crosby.
0:53 of 1st overtime period - Shot Blocked by Nicolas Hague.
1:14 of 1st overtime period - Shot by Jon Marchessault.
1:14 of 1st overtime period - Stopped by Thatcher Demko with a rebound.
1:48 of 1st overtime period - Shot by Nazem Kadri.
1:48 of 1st overtime period - Shot Blocked by Rasmus Sandin.
1:50 of 1st overtime period - Shot by Timo Meier.
1:50 of 1st overtime period - Shot Misses the Net.
1:52 of 1st overtime period - Shot by Timo Meier.
1:52 of 1st overtime period - Shot Misses the Net.
1:54 of 1st overtime period - Shot by Timo Meier.
1:54 of 1st overtime period - Shot Misses the Net.
2:34 of 1st overtime period - Shot by Vincent Trocheck.
2:34 of 1st overtime period - Goal by Vincent Trocheck - MapleLeafs : 2 - Stars : 3.
Goals for this period are 0 for MapleLeafs vs 1 for Stars.
Shots for this period are 2 for MapleLeafs vs 1 for Stars.